 Dungeon Crawl Stone Soup version 0.30-a0-4-ga7cffc901d (webtiles) character file.

Game seed: 779792046680301133

143 Setbun the Cutter (level 5, -6/30 HPs)
             Began as a Kobold Brigand on Aug 21, 2022.
             Mangled by Grinder (8 damage)
             ... on level 3 of the Dungeon.
             The game lasted 00:02:31 (2878 turns).

Setbun the Cutter (Kobold Brigand)                  Turns: 2878, Time: 00:02:31

Health: -6/30      AC:  4    Str:  9    XL:     5   Next: 50%
Magic:  5/5        EV: 14    Int: 12    God:
Gold:   136        SH:  0    Dex: 18    Spells: 4/4 levels left

rFire   . . .      SeeInvis .    a - +2 dagger
rCold   . . .      Faith    .    (no shield)
rNeg    . . .      Spirit   .    b - +0 robe
rPois   .          Reflect  .    l - +0 helmet
rElec   .          Harm     .    c - +0 cloak
rCorr   .          Rampage  .    (no gloves)
Will    .....                    (no boots)
Stlth   ++++......               (no amulet)
HPRegen 0.10/turn                (no ring)
MPRegen 0.09/turn                (no ring)

@: no status effects
A: small, no large weapons, nightstalker 3
a: no special abilities


You were on level 3 of the Dungeon.
You visited 1 branch of the dungeon, and saw 3 of its levels.

You collected 136 gold pieces.

Inventory:

Hand Weapons
 a - a +2 dagger (weapon)
Missiles
 d - 9 poisoned darts (quivered)
 e - 3 curare-tipped darts
Armour
 b - a +0 robe (worn)
 c - a +0 cloak (worn)
 l - a +0 helmet (worn)
Scrolls
 f - a scroll of vulnerability {unknown}
 h - 3 scrolls of blinking {unknown}
 i - a scroll of poison {unknown}
 j - 3 scrolls of identify {unknown}
 k - a scroll of enchant armour {unknown}


   Skills:
 - Level 2.1 Fighting
 + Level 7.0 Short Blades
 - Level 2.1 Throwing
 - Level 1.2 Dodging
 - Level 5.3 Stealth


You had 4 spell levels left.
You didn't know any spells.
Your spell library contained the following spells:

 Spells                   Type           Power      Damage    Failure   Level
 Portal Projectile        Hex/Tloc       0%         N/A       69%         3
 Tukima's Dance           Hex            0%         N/A       69%         3
 Blade Hands              Tmut           0%         N/A       100%        5


Dungeon Overview and Level Annotations

Branches:
Dungeon (3/15)

Altars:
Qazlal

Annotations:
D:3 Grinder


Innate Abilities, Weirdness & Mutations

You are small and have problems with some larger weapons.
You are completely attuned to the shadows.


Message History

The bat is moderately wounded.
The bat closely misses you. The bat hits you but does no damage.
Grinder blinks!
You hit the bat.
You kill the bat!
You hit Grinder.
Grinder is lightly wounded.
You hit Grinder.
Grinder is lightly wounded.
Grinder closely misses you.
You hit Grinder.
Grinder is moderately wounded.
Grinder hits you!
You writhe in agony.
You are too injured to fight recklessly!
Grinder is nearby!
Grinder is nearby!
You are too injured to fight recklessly!
Sorry, you're not good enough to have a special ability.
It was a potion of magic.
Magic courses through your body. Grinder hits you but does no damage.
You hit Grinder.
Grinder is heavily wounded.
You hit Grinder.
Grinder is heavily wounded.
Grinder barely misses you.
You hit Grinder but do no damage.
Grinder is heavily wounded.
Grinder hits you!
* * * LOW HITPOINT WARNING * * *
You writhe in agony.
* * * LOW HITPOINT WARNING * * *
You closely miss Grinder.
Grinder is heavily wounded.
You barely miss Grinder.
Grinder is heavily wounded.
Grinder barely misses you.
You barely miss Grinder.
Grinder is heavily wounded.
Grinder hits you!
You die...

.###.###..###.#
.....# #......#
.##### ##.#####
## #.##### #
#........# #
#.######.# #
#.######:#
#.....##†#
#.###.##@# #.#
#.##5#
...##.##.#
..........#
..##.#### .
...# ....#
...##


You could see Grinder.

Vanquished Creatures
  Jessica (D:2)
  Robin (D:2)
  An adder (D:2)
  4 worms
  3 dart slugs
  3 endoplasms
  3 giant cockroaches
  16 goblins
  10 hobgoblins
  3 jackals (D:1)
  A quokka (D:1)
  6 ball pythons
  6 bats
  5 frilled lizards (D:1)
  5 kobolds
  7 rats
75 creatures vanquished.

Notes
Turn   | Place    | Note
-------+----------+-------------------------------------------
     0 | D:1      | Setbun the Kobold Brigand began the quest for the Orb.
     0 | D:1      | Reached XP level 1. HP: 12/12 MP: 1/1
    60 | D:1      | Reached skill level 3 in Short Blades
   157 | D:1      | Reached XP level 2. HP: 10/17 MP: 2/2
   549 | D:1      | Reached skill level 4 in Short Blades
   645 | D:1      | Reached XP level 3. HP: 21/21 MP: 3/3
   823 | D:1      | Found a faded altar of an unknown god.
   931 | D:1      | Reached skill level 5 in Short Blades
  1249 | D:2      | Noticed Jessica
  1255 | D:2      | Killed Jessica
  1256 | D:2      | Reached XP level 4. HP: 21/26 MP: 4/4
  1420 | D:2      | Reached skill level 6 in Short Blades
  1775 | D:2      | Noticed Robin
  2061 | D:2      | Reached XP level 5. HP: 26/30 MP: 5/5
  2110 | D:2      | Killed Robin
  2717 | D:3      | Found a stormy altar of Qazlal.
  2780 | D:3      | Reached skill level 7 in Short Blades
  2863 | D:3      | Noticed Grinder
  2878 | D:3      | Mangled by Grinder

Illustrated notes

Levels and vault maps discovered:
D:1:      mainiacjoe_arrival_reflecting_pool, layout_basic,
          dreamdust_ecumenical_altar_angels_and_demons, chequers_jeans,
          corexii_item_surrounded_by_moat, st_stairs_5
D:2:      kb_forest_paths, layout_basic, uniq_robin, uniq_jessica
D:3:      layout_loops_corners, tgw_trog, nicolae_qazlal_scattered_showers,
          uniq_grinder

Skill      XL: |  1  2  3  4  5 |
---------------+----------------+-----
Short Blades   | 3 4 5 6 7 |  7.0
Fighting       | |  2.1
Throwing       | |  2.1
Dodging        | |  1.2
Stealth        | |  5.3

Action                   |  1- 3 |  4- 6 || total
-------------------------+-------+-------++-------
Melee: Dagger            |    81 |   166 ||   247
  Use: Potion            |       |     2 ||     2
 Stab: Sleeping          |    16 |    12 ||    28
       Distracted        |     1 |       ||     1
Armor: Robe              |    20 |    25 ||    45
Dodge: Dodged            |    63 |    96 ||   159

Table legend: (Time is in decaauts)
 A = Elapsed time spent in this place.
 B = Non-inter-level travel time spent in this place.
 C = Inter-level travel time spent in this place.
 D = Time resting spent in this place.
 E = Time spent auto-exploring this place.
 F = Levels seen in this place.
 G = Mean time per level.
                   A        B        C        D        E       F      G
               +--------+--------+--------+--------+--------+-----+--------+
         Total |   2788 |   2714 |     74 |    422 |   1856 |   3 |  929.3 |
       Dungeon |   2788 |   2714 |     74 |    422 |   1856 |   3 |  929.3 |
               +--------+--------+--------+--------+--------+-----+--------+

Top non-repeatable levels by time:
     D:2: 1424 daAuts
     D:1: 1184 daAuts
     D:3: 179 daAuts
